 Dungeon Crawl Stone Soup version 0.24.1-14-gf8d2b509d9 (webtiles) character file.

Game seed: 3351736742447535023, levelgen mode: deterministic

42 lepoulpe303 the Sneak (level 3, -5/28 HPs)
             Began as a Naga Fire Elementalist on May 25, 2020.
             Slain by a kobold
             ... wielding a +0 quarterstaff
              (9 damage)
             ... on level 2 of the Dungeon.
             The game lasted 00:03:20 (1333 turns).

lepoulpe303 the Sneak (Naga Fire Elementalist)      Turns: 1333, Time: 00:03:21

Health: -5/28      AC:  2    Str: 10    XL:     3   Next: 54%
Magic:  1/6        EV: 15    Int: 16    God:
Gold:   44         SH:  0    Dex: 16    Spells: 4/7 levels left

rFire    . . .     SeeInvis +   d - +0 spear
rCold    . . .     Gourm    .   (no shield)
rNeg     . . .     Faith    .   a - +0 robe
rPois    +         Spirit   .   (no helmet)
rElec    .         Reflect  .   (no cloak)
rCorr    .         Harm     .   (no gloves)
MR       .....                  (no barding)
Stlth    +++.......             (no amulet)
HPRegen  0.09/turn              (no ring)
MPRegen  0.10/turn              (no ring)

@: agile, flying, very slow
A: large, see invisible, deformed body, poison resistance, slowness 2, slow
metabolism 1, spit poison 1, AC +1
a: Spit Poison


You were on level 2 of the Dungeon.
You were hungry.

You visited 1 branch of the dungeon, and saw 2 of its levels.

You collected 44 gold pieces.

Inventory:

Hand Weapons
 d - a +0 spear (weapon)
 g - a +0 dagger
Missiles
 i - 2 throwing nets {=f}
 k - 13 poisoned darts (quivered)
Armour
 a - a +0 robe (worn)
Scrolls
 c - a scroll of teleportation {unknown}
 f - a scroll of identify {unknown}
 h - a scroll of enchant weapon {unknown}
 m - a scroll of remove curse {unknown}
Potions
 l - a potion of flight
Comestibles
 e - 3 rations


   Skills:
 + Level 1.7 Dodging
 + Level 3.4 Stealth
 * Level 2.5 Spellcasting
 * Level 1.8 Conjurations
 * Level 3.3 Fire Magic


You had 4 spell levels left.
You knew the following spells:

 Your Spells              Type           Power        Failure   Level  Hunger
a - Flame Tongue          Conj/Fire      ##...        7%          1    #......
x - Throw Flame           Conj/Fire      ##....       10%         2    ##.....

Your spell library contained the following spells:

 Spells                   Type           Power        Failure   Level  Hunger
 Conjure Flame            Conj/Fire      ##......     21%         3    ###....
 Inner Flame              Hex/Fire       #.......     30%         3    ###....
 Sticky Flame             Conj/Fire      ##......     54%         4    #####..
 Fireball                 Conj/Fire      ##........   88%         5    ######.


Dungeon Overview and Level Annotations

Branches:
Dungeon (2/15)

Altars:


Innate Abilities, Weirdness & Mutations

You cannot wear boots.
Your serpentine skin is tough. (AC +1)
You have supernaturally acute eyesight. (SInv)
Armour fits poorly on your strangely shaped body.
Your system is resistant to poisons. (rPois)
You cover ground very slowly.
You have a slow metabolism.
You can spit poison.


Message History

You take 1 damage, and have 7/28 hp.
It was a potion of flight.
You feel very buoyant.
You fly up into the air.
The goblin hits you.
* * * LOW HITPOINT WARNING * * *
You take 2 damage, and have 5/28 hp.
It was a potion of agility.
You feel agile all of a sudden.
You feel sick. The goblin completely misses you.
You closely miss the goblin. The goblin misses you.
You barely miss the goblin. The goblin closely misses you.
You hit the goblin.
You kill the goblin!
You completely miss the kobold.
You feel sick.
You are no longer poisoned.
The kobold closely misses you.
You take 1 damage, and have 4/28 hp.
You hit the kobold.
The kobold hits you with a +0 quarterstaff!
You die...

#..#.#......(...####
#............##.# .#
#..###.....####.# .#
#.)###....## #.# .#
#..#......#####.####.#
#..#.##.#............#
..... #.....###.###.$#
###. ##.##.###.###..#
#. ..##.##..@K?..# #
#.......###........
####.##.# #...##### ..
#.# #.#.# ... ...
..#.# ## ### ###.# #


You could see a kobold.

Levels and vault maps discovered:
D:1:      lightli_arrival_flooded_house, layout_basic
D:2:      layout_loops_ring, minmay_lizard_pond

Notes
Turn   | Place    | Note
-------+----------+-------------------------------------------
     0 | D:1      | lepoulpe303 the Naga Fire Elementalist began the quest for
                  | the Orb.
     0 | D:1      | Reached XP level 1. HP: 15/15 MP: 3/3
   170 | D:1      | Identified a +0 dagger (You found it on level 1 of the
                  | Dungeon)
   216 | D:1      | Identified a +0 whip (You found it on level 1 of the
                  | Dungeon)
   455 | D:1      | Identified a +0 club
   540 | D:1      | Reached XP level 2. HP: 17/22 MP: 5/5
   547 | D:1      | Learned a level 2 spell: Throw Flame
   629 | D:1      | Identified a +0 club
   644 | D:1      | HP: 3/22 [hobgoblin/+0 club (5)]
   661 | D:1      | Identified a +0 club
   951 | D:1      | Identified a +0 spear (You found it on level 1 of the
                  | Dungeon)
   977 | D:2      | Identified a +0 club
   983 | D:2      | Reached XP level 3. HP: 8/28 MP: 3/6
   997 | D:2      | HP: 7/28 [dart slug (3)]
  1318 | D:2      | Identified a +0 quarterstaff
  1326 | D:2      | HP: 7/28 [kobold/stone (1)]
  1327 | D:2      | Identified 2 potions of flight
  1328 | D:2      | Identified a potion of agility
  1332 | D:2      | HP: 4/28 [poisoned by an adder]
  1333 | D:2      | Slain by a kobold

Table legend:
 A = Turns spent in this place as a percentage of turns spent in the entire game.
 B = Non-inter-level travel turns spent in this place as a percentage of non-inter-level travel turns spent in the entire game.
 C = Inter-level travel turns spent in this place as a percentage of turns spent in this place.
 D = Turns resting spent in this place as a percentage of non-inter-level travel turns spent in this place.
 E = Turns spent auto-exploring this place as a percentage of non-inter-level travel turns spent in this place.
 F = Non-inter-level travel turns spent in this place divided by the number of levels of this place that you've seen.
                   A       B       C       D       E      F
               +-------+-------+-------+-------+-------+----------------------
         Total | 100.0 | 100.0 |   3.1 |  38.9 |  45.6 | 646.0
       Dungeon | 100.0 | 100.0 |   3.1 |  38.9 |  45.6 | 646.0
               +-------+-------+-------+-------+-------+----------------------

Table legend:
 A = Kills in this place as a percentage of kills in entire the game.
 B = Kills by you in this place as a percentage of kills by you in the entire game.
 C = Kills by friends in this place as a percentage of kills by friends in the entire game.
 D = Other kills in this place as a percentage of other kills in the entire game.
 E = Experience gained in this place as a percentage of experience gained in the entire game.
 F = Experience gained in this place divided by the number of levels of this place that you have seen.
                   A       B       C       D       E      F
               +-------+-------+-------+-------+-------+----------------------
         Total | 100.0 | 100.0 |   N/A |   N/A | 100.0 |  30.0
       Dungeon | 100.0 | 100.0 |   N/A |   N/A | 100.0 |  30.0
               +-------+-------+-------+-------+-------+----------------------

Action                   || total
-------------------------++-------
Melee: Whip              ||    25
       Spear             ||    28
 Cast: Flame Tongue      ||    18
  Use: Potion            ||     2
 Stab: Sleeping          ||     2
Armor: Robe              ||    13
Dodge: Dodged            ||    40

Vanquished Creatures
  2 adders (D:2)
  A dart slug (D:2)
  3 giant cockroaches (D:1)
  5 goblins
  5 hobgoblins (D:1)
  2 bats (D:2)
  2 frilled lizards (D:2)
  A kobold (D:1)
  A rat (D:2)
22 creatures vanquished.
